Map: 프리온 단구

Players

llllllllllll (Scarlett)

  • Race: Zerg Zerg
  • League: Grandmaster

lllllllllIll - Winner!

  • Race: Terran Terran
  • League: Grandmaster

VOD

Have the link to the VOD?

Description

Time

  • Played on: April 10, 2016, 6:13 a.m.
  • Length: 10:12
Show
View Real Time Build Order
Export as new Build Order

llllllllllll Zerg 

Build Orders: Hatch First, Muta Ling Bane 

Get SALT Encoding   

  12  0:02  Drone  
  13  0:10  Drone  
  14  0:19  Overlord  
  14  0:24  Extractor, Drone  
  15  0:37  Drone x2  
  17  0:51  Hatchery  
  17  0:55  Drone  
  17  1:01  Drone  
  18  1:11  Spawning Pool  
  18  1:16  Extractor, Drone  
  17  1:21  Drone  
  18  1:29  Drone  
  19  1:40  Overlord  
  19  1:51  Drone  
  20  1:58  Queen  
  22  2:01  Zergling x2  
  22  2:02  Queen  
  22  2:03  Zergling x2  
  26  2:14  Drone  
  26  2:15  Metabolic Boost, Drone  
  28  2:22  Drone  
  29  2:28  Drone  
  30  2:35  Drone  
  31  2:38  Drone  
  32  2:46  Drone x2  
  32  2:48  Hatchery  
  33  2:55  Overlord  
  33  2:57  Drone  
  34  3:00  Lair  
  34  3:06  Overlord  
  34  3:07  Drone  
  34  3:09  Drone  
  34  3:12  Extractor  
  35  3:13  Drone  
  35  3:16  Drone x2  
  38  3:20  Drone x2  
  38  3:25  Queen  
  42  3:34  Drone x3  
  42  3:37  Extractor  
  42  3:38  Extractor  
  42  3:40  Baneling Nest  
  42  3:46  Zergling x2  
  42  3:47  Zergling x2, Drone  
  42  3:48  Drone x3  
  48  3:53  Drone x2  
  50  4:04  Queen, Spire  
  50  4:08  Overseer  
  51  4:11  Drone x4  
  55  4:22  Queen  
  55  4:23  Drone  
  57  4:25  Overlord x2  
  57  4:33  Overlord  
  57  4:44  Drone x10  
  66  5:02  Drone  
  66  5:03  Drone x7  
  73  5:14  Evolution Chamber  
  73  5:15  Evolution Chamber  
  73  5:17  Mutalisk  
  73  5:19  Overlord x4  
  73  5:20  Overlord x2  
  73  5:26  Extractor  
  73  5:28  Extractor  
  71  5:41  Mutalisk  
  71  5:42  Mutalisk x5  
  86  5:43  Zerg Melee Weapons Level 1  
  86  5:44  Zerg Ground Armor Level 1  
  86  5:46  Zergling x2  
  83  5:55  Drone x3  
  83  5:56  Drone x2  
  88  5:59  Centrifical Hooks  
  88  6:01  Zergling x10  
  92  6:06  Mutalisk  
  92  6:07  Hatchery  
  92  6:08  Zergling x2  
  94  6:11  Mutalisk  
  96  6:22  Mutalisk  
  96  6:24  Zergling x2  
  99  6:27  Zergling x16  
  99  6:30  Baneling  
  99  6:31  Hatchery, Baneling x4  
  106  6:35  Pneumatized Carapace  
  106  6:36  Overseer  
  106  6:37  Zergling x8  
  107  6:44  Zergling x4  
  81  6:58  Drone x4  
  81  6:59  Queen, Drone x2  
  81  7:00  Mutalisk  
  81  7:01  Mutalisk x2  
  91  7:04  Zerg Flyer Weapons Level 1  
  95  7:09  Baneling  
  95  7:10  Zergling x8  
  95  7:12  Baneling  
  99  7:19  Zergling x8  
  98  7:24  Baneling x4  
  98  7:28  Zergling x10  
  103  7:37  Mutalisk x2  
  103  7:39  Zergling x8  
  103  7:41  Baneling x5  
  111  7:45  Zergling x2  
  111  7:46  Zergling x6  
  114  7:54  Overlord x2  
  114  7:55  Overlord  
  114  7:58  Zergling x8  
  118  7:59  Hatchery  
  118  8:04  Baneling  
  118  8:05  Zergling x2, Baneling x3  
  116  8:15  Mutalisk x4  
  116  8:17  Zergling x18  
  100  8:35  Zergling x8  
  100  8:39  Mutalisk x4  
  109  8:44  Drone x6  
  109  8:46  Extractor x2  
  113  8:53  Mutalisk  
  113  8:54  Mutalisk  
  118  8:56  Zergling x10  
  118  9:01  Mutalisk  
  112  9:13  Zergling x10  
  112  9:16  Baneling  
  110  9:17  Zergling x2, Baneling x4  
  110  9:18  Zergling x16  
  112  9:25  Zergling x4  
  112  9:27  Zergling x2  
  110  9:38  Zergling x8  
  102  9:41  Baneling  
  102  9:42  Baneling x4  
  102  9:51  Zergling x2  
  102  9:52  Zergling x10  
  112  9:53  Baneling x2  
  112  9:54  Baneling  
Show
View Real Time Build Order
Export as new Build Order

lllllllllIll Terran - Winner!

Build Orders: Command Center First (CC), MMM Bio 

Get SALT Encoding   

  12  0:01  SCV  
  13  0:13  SCV  
  14  0:17  Supply Depot  
  14  0:25  SCV  
  15  0:39  SCV  
  16  0:51  SCV  
  17  0:59  Command Center  
  17  1:03  SCV  
  18  1:07  Refinery  
  18  1:15  SCV  
  19  1:21  Barracks  
  19  1:27  SCV  
  21  1:40  SCV  
  21  1:52  SCV  
  21  1:53  Refinery  
  22  2:07  Orbital Command  
  22  2:08  Marine  
  23  2:09  Factory  
  23  2:11  Orbital Command  
  23  2:23  Bunker  
  23  2:26  Barracks Reactor  
  23  2:33  SCV  
  24  2:37  SCV  
  25  2:46  SCV  
  25  2:49  SCV  
  27  2:53  Supply Depot  
  27  2:55  Factory Tech Lab  
  27  2:56  Starport  
  27  2:58  SCV  
  28  3:01  SCV  
  28  3:03  Marine x2  
  31  3:10  SCV  
  32  3:13  SCV  
  32  3:16  Siege Tank  
  36  3:21  Marine x2  
  36  3:22  SCV  
  36  3:24  Supply Depot  
  36  3:25  SCV  
  40  3:34  SCV  
  40  3:36  Medivac  
  40  3:38  SCV  
  44  3:44  Command Center  
  44  3:46  SCV  
  45  3:53  Barracks  
  45  3:55  Barracks  
  45  3:59  Marine, Stimpack  
  45  4:00  SCV x2  
  45  4:01  Factory Reactor  
  48  4:04  Supply Depot  
  48  4:11  Viking  
  48  4:14  SCV x2  
  48  4:17  Marine  
  52  4:23  Engineering Bay  
  53  4:25  Engineering Bay  
  53  4:26  SCV x2  
  55  4:38  Barracks x2, Refinery  
  55  4:39  Marine, Refinery  
  55  4:40  Marine x2  
  55  4:43  SCV  
  55  4:44  SCV  
  60  4:47  Factory Reactor, Starport Reactor  
  60  4:55  SCV  
  60  4:56  SCV  
  60  4:57  Marine  
  60  4:58  Marine x2  
  60  4:59  Orbital Command  
  65  5:05  Marine  
  66  5:08  Marine  
  67  5:14  Marine  
  67  5:16  Terran Infantry Armor Level 1, Terran Infantry Weapons Level 1  
  67  5:19  Marine x2  
  67  5:20  Supply Depot  
  70  5:23  Marine  
  70  5:26  Marine  
  72  5:30  Barracks Reactor x2  
  72  5:31  Widow Mine x2  
  72  5:32  Marine, Orbital Command  
  77  5:41  Marine x2, Medivac, Supply Depot  
  77  5:42  Supply Depot x2  
  81  5:43  Medivac  
  81  5:44  Marine x2  
  85  5:56  Marine  
  88  5:57  SCV x2  
  88  5:58  Armory  
  88  5:59  Marine x2  
  88  6:02  Marine x2, Combat Shields  
  92  6:05  SCV  
  92  6:08  Widow Mine x2  
  92  6:09  Marine x2, SCV x2  
  92  6:10  Marine x2  
  103  6:14  Marine  
  103  6:17  Marine x2  
  104  6:20  Marine x2  
  104  6:22  Medivac, SCV  
  104  6:25  Refinery  
  109  6:26  Medivac  
  109  6:27  Refinery  
  113  6:33  Marauder  
  113  6:43  Marine x2  
  115  6:52  Marine x4  
  115  6:53  Widow Mine x2  
  115  6:54  Medivac, Marauder  
  103  6:56  Medivac  
  103  6:57  SCV x2  
  103  6:58  SCV  
  103  7:01  Marine x2  
  107  7:07  Barracks  
  107  7:08  Barracks  
  107  7:09  Marine x2, SCV  
  107  7:10  Starport  
  107  7:13  Terran Infantry Armor Level 2  
  110  7:20  Marine x7  
  117  7:26  Terran Infantry Weapons Level 2  
  117  7:31  Supply Depot  
  117  7:32  Supply Depot  
  117  7:48  Marine  
  117  7:50  Liberator  
  117  7:52  Marine x4, Widow Mine  
  117  7:53  Marauder  
  117  7:54  Marine x2  
  117  7:55  Barracks Reactor, Barracks Tech Lab  
  117  7:56  Starport Reactor  
  117  7:57  Supply Depot  
  127  7:59  Marine, Supply Depot  
  127  8:01  Supply Depot  
  127  8:02  Liberator  
  127  8:04  Concussive Shells  
  130  8:06  Marine  
  130  8:10  Marine  
  133  8:18  Marine  
  133  8:19  Marine x3  
  138  8:21  Marine x2  
  138  8:23  Liberator  
  138  8:25  Marine x2, Marauder  
  143  8:27  Supply Depot  
  143  8:28  Marine, Supply Depot, Liberator  
  143  8:29  Supply Depot  
  118  8:36  Marine x4  
  118  8:39  Marine x4  
  120  8:43  Marauder  
  120  8:47  Widow Mine  
  125  8:48  Widow Mine  
  125  8:54  Marauder, Liberator x2  
  127  9:08  Marine x2  
  120  9:14  Marine x5  
  120  9:15  Marauder  
  120  9:16  Marine  
  124  9:18  Widow Mine  
  120  9:27  Widow Mine  
  122  9:35  Marine x4  
  115  9:39  Marine x6  
  126  9:49  Marauder  
Tags
 
Add a new tag
Caveats
  • Supply blocks, unpowered buildings, or Contaminate may cause inaccurate times.
  • Supply counts are checked every 10 seconds.